 Dungeon Crawl Stone Soup version 0.25-a0-589-g1e14c549ee (webtiles) character file.

Game seed: 14310197440500420233, levelgen mode: deterministic

1791 vurker the Zephyrmancer (level 8, -7/38 HPs)
             Began as a Felid Air Elementalist on Mar 10, 2020.
             Was a Believer of Vehumet.
             Mangled by Fannar
             ... wielding an uncursed staff of cold
              (8 damage)
             ... on level 10 of the Dungeon.
             The game lasted 00:15:32 (15023 turns).

vurker the Zephyrmancer (Felid Air Elementalist)   Turns: 15023, Time: 00:15:33

Health: -7/38      AC:  4    Str:  4    XL:     8   Next: 82%
Magic:  16/23      EV: 18    Int: 21    God:    Vehumet [**....]
Gold:   544        SH:  0    Dex: 16    Spells: 12/24 levels left
                                        Lives:  0   Deaths: 3

rFire    . . .     SeeInvis +   (weapon unavailable)
rCold    . . .     Gourm    .   (shield unavailable)
rNeg     . . .     Faith    .   (armour unavailable)
rPois    .         Spirit   .   (helmet unavailable)
rElec    .         Reflect  .   (cloak unavailable)
rCorr    .         Harm     .   (gloves unavailable)
MR       +....                  (boots unavailable)
Stlth    +++.......             o - amulet of regeneration
HPRegen  0.52/turn              f - ring of flight
MPRegen  0.18/turn              (no ring)

@: quick
A: very small, no armour, no weapons or thrown items, stealth, claws 1, fangs 3,
iridescent scales 1, see invisible, carnivore, speed 1, high mp 1, shaggy fur 2,
slow metabolism 1, sharp paws
a: Renounce Religion, Evoke Flight


You were on level 10 of the Dungeon.
You worshipped Vehumet.
Vehumet was pleased with you.
You were not hungry.

You visited 2 branches of the dungeon, and saw 11 of its levels.

You collected 544 gold pieces.

Inventory:

Jewellery
 f - a ring of flight (left paw)
   (You found it on level 2 of the Dungeon)
 o - an amulet of regeneration (around neck)
   (You found it on level 4 of the Dungeon)
Wands
 c - a wand of disintegration (8)
   (You found it on level 7 of the Dungeon)
 t - a wand of flame (30)
   (You found it on level 4 of the Dungeon)
 u - a wand of paralysis (14)
   (You took it off Ijyb on level 5 of the Dungeon)
 w - a wand of polymorph (5)
   (You found it on level 5 of the Dungeon)
 x - a wand of clouds (4)
   (You found it on level 6 of the Dungeon)
Scrolls
 a - 5 scrolls of teleportation
 d - a scroll of blinking {unknown}
 h - 2 scrolls of fear
 i - 4 scrolls of amnesia
 j - 2 scrolls of magic mapping {unknown}
 k - 7 scrolls of remove curse
 l - 3 scrolls of random uselessness {unknown}
 q - 2 scrolls of fog {unknown}
 v - a scroll of acquirement {unknown}
 y - a scroll of summoning {unknown}
 z - a scroll of enchant armour {unknown}
Potions
 b - a potion of heal wounds
 g - a potion of resistance
 m - a potion of cancellation
 n - 5 potions of curing
 p - a potion of invisibility
 r - a potion of flight
 s - 3 potions of haste
 A - a potion of berserk rage {unknown}
Comestibles
 e - 18 rations


   Skills:
 + Level 6.2 Fighting
 - Level 2.6 Dodging
 - Level 2.6 Stealth
 * Level 8.6 Spellcasting
 * Level 6.5 Conjurations
 * Level 8.9 Air Magic


You had 12 spell levels left.
You knew the following spells:

 Your Spells              Type           Power        Failure   Level  Hunger
a - Shock                 Conj/Air       ####         1%          1    None
b - Lightning Bolt        Conj/Air       #####.....   9%          5    #####..
c - Airstrike             Air            #####.....   1%          4    ###....
w - Blink                 Tloc           N/A          12%         2    None

Your spell library contained the following spells:

 Spells                   Type           Power        Failure   Level  Hunger
 Sandblast                Erth           #.....       8%          1    None
 Magic Dart               Conj           ####         1%          1    None
 Swiftness                Chrm/Air       ####....     1%          2    None
 Static Discharge         Conj/Air       #####...     1%          3    None
 Mephitic Cloud           Conj/Pois/Air  ####....     2%          3    None
 Conjure Flame            Conj/Fire      ###.....     6%          3    None
 Infusion                 Chrm           #...         8%          1    None
 Call Imp                 Summ           #.......     12%         2    None
 Shroud of Golubria       Chrm/Tloc      #.....       12%         2    None
 Slow                     Hex            #.......     12%         2    None
 Song of Slaying          Chrm           #.......     12%         2    None
 Ozocubu's Armour         Chrm/Ice       #.......     22%         3    None
 Spectral Weapon          Hex/Chrm       Unusable     N/A         3    N/A

Dungeon Overview and Level Annotations

Branches:
Dungeon (10/15)            Temple (1/1) D:7             Orc (0/2) D:10
   Lair: D:8-11

Altars:
Ashenzari
Fedhas
Hepliaklqana
Kikubaaqudgha
Ru
Trog
Uskayaw
Vehumet
Xom
Yredelemnul
Zin
The Shining One

Shops:
D:10 *

Annotations:
D:10 Fannar


Innate Abilities, Weirdness & Mutations

You cannot wear armour.
You are incapable of wielding weapons or throwing items.
Your paws allow you to move quietly. (Stealth)
You have sharp claws.
You have razor-sharp teeth.
You have supernaturally acute eyesight. (SInv)
You are carnivorous and can eat meat at any time.
You cover ground quickly.
You are covered in thick fur. (AC +2)
You have a slow metabolism.
Your sharp claws are effective at attacking unaware monsters.
You are partially covered in iridescent scales. (AC +2)
You have an increased reservoir of magic. (+10% MP)


Message History

A centaur skeleton is nearby!
Aim: a centaur skeleton (hasn't noticed you)
The air twists around and strikes the centaur skeleton!
Aim: a centaur skeleton (heavily damaged)
The air twists around and strikes the centaur skeleton!
Aim: a centaur skeleton (almost destroyed)
The zap hits the centaur skeleton!
You destroy the centaur skeleton!
Vehumet accepts your kill.
You can't see any susceptible monsters within range! (Use Z to cast anyway.)
You can't see any susceptible monsters within range! (Use Z to cast anyway.) Fannar is too close now for your liking.
You close the door.
You open the door.
Fannar is too close now for your liking.
There is an open door, spattered with blood here.
You close the door.
You open the door.
Fannar is too close now for your liking.
There is an open door, spattered with blood here.
Fannar shouts!
Aim: Fannar, wielding a staff of cold and wearing a +2 robe of cold resistance (covered in an icy film)
You create a blast of noxious fumes!
Fannar is engulfed in noxious fumes.
Aim: Fannar, wielding a staff of cold and wearing a +2 robe of cold resistance (noxious fumes, lightly wounded, covered in an icy film)
The air twists around and strikes Fannar!
Fannar is engulfed in noxious fumes.
Fannar appears confused.
Fannar asks, "Who are you?"
Aim: Fannar, wielding a staff of cold and wearing a +2 robe of cold resistance (moderately wounded, confused, covered in an icy film)
The air twists around and strikes Fannar!
You pounce on the helpless Fannar from behind!
You scratch Fannar but do no damage.
Fannar hits you with an uncursed staff of cold.
Fannar freezes you!
You barely miss Fannar.
Fannar gestures wildly.
You scratch Fannar but do no damage. You scratch Fannar but do no damage.
Fannar seems less confused.
Fannar mumbles some strange words.
Fannar drains the heat from the surrounding environment!
You feel very cold.
Ouch! That really hurt!
* * * LOW HITPOINT WARNING * * *
Fannar is frozen.
Fannar resists.
You scratch Fannar but do no damage. You bite Fannar, but do no damage.
Fannar barely misses you.
You barely miss Fannar.
Fannar hits you with an uncursed staff of cold.
* * * LOW HITPOINT WARNING * * *
Fannar freezes you!
You die...

##########
#######........############
......#.......(#.....#....#
......#........'.....#....#
......#...)....#.....#....#......
......#........#.e...#....#......
......#....)...#@§..)#....#..$...
......#........#§☼°..)....#......
......#........#§§§..#....#..Y...
#######........##§######..#......
# #..)..######...####...## ... #
#<....# #...........#.... #
#.....# #........#.....# #
#.....# #...........#.... #
#.....# #......Y.#.....#.


You could see Fannar.

Vanquished Creatures
  A two-headed ogre (D:9)
  Grinder (D:5)
  A hippogriff (D:7)
  2 wyverns (D:10)
  Eustachio (D:4)
  Menkaure (D:7)
  Edmund (D:5)
  2 orc warriors (D:10)
  3 sky beasts
  5 ice beasts
  A black bear (D:10)
  A phantom (D:5)
  3 ogres
  3 necrophages
  3 centaurs
  A gnoll sergeant (D:9)
  A big kobold (D:9)
  3 bullfrogs
  A water moccasin skeleton (D:6)
  2 scorpions
  4 killer bees (D:9)
  4 wights (D:6)
  A howler monkey (D:6)
  4 electric eels (D:9)
  2 crimson imps
  6 jellies
  4 orc priests
  7 hounds
  Ijyb (D:5)
  2 centaur skeletons
  5 iguanas
  5 orc wizards
  11 worker ants
  A hound zombie (D:6)
  A howler monkey zombie (D:5)
  7 gnolls
  12 adders
  6 oozes
  2 adder skeletons
  2 worms
  2 dart slugs
  7 leopard geckos
  24 orcs
  3 ball pythons
  3 bats
  4 giant cockroaches
  5 goblins
  3 hobgoblins (D:2)
  18 jackals
  4 quokkas
  8 frilled lizards
  12 kobolds
  A leopard gecko skeleton (D:5)
  A quokka skeleton (D:4)
  8 rats
227 creatures vanquished.

Notes
Turn   | Place    | Note
-------+----------+-------------------------------------------
     0 | D:1      | vurker the Felid Air Elementalist began the quest for the
                  | Orb.
     0 | D:1      | Reached XP level 1. HP: 7/7 MP: 4/4
   218 | D:1      | Reached skill level 1 in Conjurations
   318 | D:1      | Reached XP level 2. HP: 12/12 MP: 1/6
  1441 | D:2      | Found a sacrificial altar of Ru.
  1446 | D:2      | Reached XP level 3. HP: 15/15 MP: 5/7
  2012 | D:2      | Reached skill level 1 in Fighting
  2478 | D:3      | Reached XP level 4. HP: 19/19 MP: 5/9
  3711 | D:3      | Reached XP level 5. HP: 22/22 MP: 8/10
  4701 | D:4      | Gained mutation: You are covered in thick fur. (AC +2)
                  | [Felid growth]
  4701 | D:4      | Reached XP level 6. HP: 26/26 MP: 5/12
  5333 | D:4      | Learned a level 5 spell: Lightning Bolt
  5338 | D:4      | Learned a level 4 spell: Airstrike
  5465 | D:5      | Entered Level 5 of the Dungeon
  5484 | D:5      | Noticed Ijyb
  5496 | D:5      | Killed Ijyb
  5929 | D:5      | Reached XP level 7. HP: 30/30 MP: 1/14
  6140 | D:5      | Noticed Grinder
  6141 | D:5      | Paralysed by Grinder for 6 turns
  6161 | D:5      | Killed Grinder
  6161 | D:5      | Reached skill level 5 in Air Magic
  6369 | D:5      | Noticed Eustachio
  6383 | D:4      | Killed Eustachio
  6383 | D:4      | Reached skill level 5 in Spellcasting
  6504 | D:5      | Noticed Edmund
  6558 | D:5      | Reached XP level 8. HP: 23/34 MP: 0/16
  7129 | D:5      | Shot with an arrow by a centaur
  7130 | D:5      | Reached XP level 7. HP: -5/31 MP: 2/16
  7299 | D:5      | Killed Edmund
  7553 | D:6      | HP: 1/31 [centaur/arrow (15)]
  7748 | D:6      | Reached XP level 8. HP: 36/36 MP: 1/18
  8303 | D:6      | Found a shattered altar of Ashenzari.
  8401 | D:6      | Gained mutation: You have an increased reservoir of magic.
                  | (+10% MP) [potion of mutation]
  8401 | D:6      | Gained mutation: You are partially covered in iridescent
                  | scales. (AC +2) [potion of mutation]
  9148 | D:7      | Found a staircase to the Ecumenical Temple.
  9163 | Temple   | Entered the Ecumenical Temple
  9185 | Temple   | Became a worshipper of Vehumet
  9234 | D:7      | Noticed Menkaure
  9247 | D:7      | Killed Menkaure
  9400 | D:7      | Reached XP level 9. HP: 40/40 MP: 9/22
  9580 | D:7      | Reached skill level 5 in Fighting
 10689 | D:8      | Reached * piety under Vehumet
 10689 | D:8      | Offered knowledge of Freeze by Vehumet.
 10689 | D:8      | Reached skill level 5 in Conjurations
 13013 | D:9      | Found a hide-covered altar of Uskayaw.
 13015 | D:9      | Found an ancient bone altar of Kikubaaqudgha.
 13016 | D:9      | Found a glowing silver altar of Zin.
 13017 | D:9      | Found a glowing golden altar of the Shining One.
 13277 | D:9      | Offered knowledge of Sandblast by Vehumet.
 13285 | D:9      | Learned a level 2 spell: Blink
 13526 | D:9      | Noticed a two-headed ogre
 13531 | D:9      | Killed a two-headed ogre
 13531 | D:9      | Reached XP level 10. HP: 45/45 MP: 4/25
 13749 | D:10     | Entered Level 10 of the Dungeon
 13757 | D:10     | Reached ** piety under Vehumet
 13970 | D:10     | Noticed Fannar
 13993 | D:10     | Killed from afar by Fannar
 13994 | D:10     | Reached XP level 9. HP: -1/41 MP: 12/24
 14428 | D:10     | Found a staircase to the Orcish Mines.
 14447 | D:10     | Found Irreig's Island Escapes.
 14525 | D:10     | HP: 2/41 [Fannar/uncursed staff of cold (2)]
 14525 | D:10     | Slain by an ice beast
 14526 | D:10     | Reached XP level 8. HP: -5/38 MP: 1/23
 15023 | D:10     | HP: 1/38 [Fannar/uncursed staff of cold (6)]
 15023 | D:10     | Mangled by Fannar

Levels and vault maps discovered:
D:1:      dpeg_arrival_lava_altar, layout_basic
D:2:      layout_loops_corners, lemuel_crystal_altar, grunt_decor_mini_mirrors
D:3:      layout_loops_cross, minivault_23, kennysheep_potato
D:4:      minmay_general_purpose_star, layout_basic
D:5:      minmay_clustersquares, layout_loops_ring, first_ration,
          kennysheep_generic_room_12, uniq_edmund, uniq_grinder, uniq_eustachio,
          uniq_ijyb
D:6:      layout_loops_ring, nicolae_overflow_crystal_walls
D:7:      layout_cave_pods, minmay_temple_entry_tees, uniq_menkaure
D:8:      layout_loops_corners, hangedman_little_slice_of_home
D:9:      layout_basic, minitemple, serial_bayou, serial_bayou_pond_e,
          serial_bayou_pond_e, serial_bayou_shore_a, serial_bayou_pond_d,
          serial_bayou_pond_a, serial_bayou_lagoon_a, kennysheep_generic_room_10
D:10:     layout_gridville, orc_0_dummy, enter_trove_3, minmay_misc_feat_five,
          palyth_stone_intersect, nicolae_island_escapes, uniq_fannar
Temple:   regret_index_temple_sphere_string

Skill      XL: |  1  2  3  4  5  6  7  8  9 10 |
---------------+-------------------------------+-----
Conjurations   | 1 2 3 4 6 |  6.5
Air Magic      | 3 4 6 7 8 |  8.9
Fighting       | 1 2 4 5 6 |  6.2
Spellcasting   | 3 4 6 7 8 |  8.6
Dodging        | |  2.6
Stealth        | |  2.6

Action                   |  1- 3 |  4- 6 |  7- 9 | 10-12 || total
-------------------------+-------+-------+-------+-------++-------
Melee: Unarmed           |     7 |     8 |    19 |       ||    34
       Bite              |     1 |     2 |     1 |       ||     4
 Cast: Shock             |    84 |   168 |   140 |     2 ||   394
       Airstrike         |       |     2 |   160 |    14 ||   176
       Lightning Bolt    |       |       |     1 |       ||     1
Evoke: Wand              |       |       |     7 |       ||     7
  Use: Scroll            |       |    10 |     5 |       ||    15
       Potion            |       |       |     1 |       ||     1
 Stab: Paralysed         |       |       |     3 |       ||     3
       Confused          |       |       |     2 |       ||     2
  Eat: Chunk             |    11 |     6 |    41 |     2 ||    60
Armor: Skin              |       |     5 |     2 |       ||     7
Dodge: Dodged            |    29 |    46 |    43 |     5 ||   123

Table legend:
 A = Non-vault XP
 B = Vault XP
 C = Vault XP percentage of total XP
 D = Non-vault monster count
 E = Vault monster count
 F = Vault count percentage of total count
                 A         B        C        D         E       F
            +---------+---------+-------+---------+---------+-------
      Total |    7138 |    1527 |  17.6 |     196 |      31 |  13.7
            +---------+---------+-------+---------+---------+-------
        D:1 |      35 |       0 |   0.0 |      16 |       0 |   0.0
        D:2 |      47 |       0 |   0.0 |      21 |       0 |   0.0
        D:3 |     102 |      17 |  14.3 |      25 |       3 |  10.7
        D:4 |     181 |     270 |  59.9 |      14 |       3 |  17.6
        D:5 |     361 |     906 |  71.5 |      13 |      16 |  55.2
        D:6 |     988 |       0 |   0.0 |      23 |       0 |   0.0
        D:7 |    1251 |     172 |  12.1 |      20 |       1 |   4.8
        D:8 |     143 |     162 |  53.1 |       7 |       8 |  53.3
        D:9 |    2399 |       0 |   0.0 |      38 |       0 |   0.0
       D:10 |    1631 |       0 |   0.0 |      19 |       0 |   0.0
            +---------+---------+-------+---------+---------+-------
